 Dungeon Crawl Stone Soup version 0.24.0-13-gcf9b3192b9 (webtiles) character file.

Game seed: 11288837591582665771, levelgen mode: deterministic

3227 EmberCloud the Carver (level 9, 0/78 HPs)
             Began as a Minotaur Fighter on Nov 8, 2019.
             Was a Follower of Okawaru.
             Killed by Freeze
             ... invoked by Esos's ghost
              (17 damage)
             ... on level 8 of the Dungeon.
             The game lasted 00:43:33 (5454 turns).

EmberCloud the Carver (Minotaur Fighter)            Turns: 5454, Time: 00:43:34

Health: 0/78       AC: 11    Str: 28    XL:     9   Next: 66%
Magic:  0/8        EV: 13    Int:  5    God:    Okawaru [*.....]
Gold:   11         SH: 13    Dex: 11    Spells: 8/8 levels left

rFire    . . .     SeeInvis .   K - +0 scimitar
rCold    . . .     Gourm    .   c - +0 shield
rNeg     . . .     Faith    .   b - +0 scale mail
rPois    .         Spirit   +   (helmet restricted)
rElec    .         Reflect  .   r - scarf {repulsion}
rCorr    .         Harm     .   u - +0 pair of gloves
MR       .....     Rnd*Tele +   (no boots)
Stlth    +.........             F - amulet of guardian spirit
HPRegen  0.23/turn              l - ring of teleportation (curse)
MPRegen  0.11/turn              y - ring of flight

@: mighty, heroism, repel missiles
A: retaliatory headbutt, horns 2
a: Heroism, Renounce Religion, Evoke Flight


You were on level 8 of the Dungeon.
You worshipped Okawaru.
Okawaru was aware of your devotion.
You were not hungry.

You visited 2 branches of the dungeon, and saw 9 of its levels.

You collected 362 gold pieces.
You spent 351 gold pieces at shops.

Inventory:

Hand Weapons
 a - a +0 long sword
 k - a cursed -2 dagger
 q - a cursed -3 hand axe
 E - a +4 scythe of freezing
 K - a +0 scimitar (weapon)
 O - a +4 dagger of distortion
Missiles
 g - 28 poisoned darts (quivered)
Armour
 b - a +0 scale mail (worn)
 c - a +0 shield (worn)
 r - a scarf of repulsion (worn)
 u - a +0 pair of gloves (worn)
 x - a +0 pair of gloves
Jewellery
 l - a cursed ring of teleportation (left hand)
 y - a ring of flight (right hand)
 F - an amulet of guardian spirit (around neck)
Wands
 D - a wand of acid (5)
 H - a wand of scattershot (6)
Scrolls
 i - 3 scrolls of blinking
 j - 3 scrolls of amnesia
 n - 3 scrolls of remove curse {unknown}
 o - a scroll of noise {unknown}
 t - a scroll of teleportation {unknown}
 w - 5 scrolls of magic mapping {unknown}
 z - a scroll of fog
 B - 2 scrolls of enchant weapon
 G - 2 scrolls of brand weapon {unknown}
 I - a scroll of random uselessness {unknown}
 L - a scroll of identify
Potions
 d - 2 potions of might
 e - a potion of mutation {unknown}
 h - 2 potions of resistance {unknown}
 m - 2 potions of ambrosia
 p - 3 potions of lignification
 s - 4 potions of magic
 v - 2 potions of experience {unknown}
 A - 4 potions of curing
 C - 3 potions of brilliance {unknown}
 J - a potion of haste {unknown}
 M - a potion of heal wounds
 N - a potion of degeneration {unknown}
Comestibles
 f - 9 rations


   Skills:
 + Level 6.5(11.5) Fighting
 * Level 11.0(16.0) Long Blades
 + Level 3.1(8.1) Throwing
 + Level 8.3(13.3) Armour
 + Level 2.6(7.6) Dodging
 + Level 7.0(12.0) Shields
 + Level 0.1 Invocations


You had 8 spell levels left.
You didn't know any spells.
Your spell library contained the following spells:

 Spells                   Type           Power        Failure   Level  Hunger
 Magic Dart               Conj           #...         80%         1    ##.....
 Searing Ray              Conj           #.....       91%         2    ###....
 Dazzling Spray           Conj/Hex       #.....       99%         3    ####...
 Force Lance              Conj/Tloc      #.......     100%        4    #####..
 Fulminant Prism          Conj/Hex       #.........   100%        4    #####..
 Iskenderun's Mystic Bla  Conj           #.......     100%        4    #####..


Dungeon Overview and Level Annotations

Branches:
Dungeon (8/15)             Temple (1/1) D:7
   Lair: D:8-11

Altars:
Ashenzari
Cheibriados
Dithmenos
Elyvilon
Fedhas
Gozag
Hepliaklqana
Kikubaaqudgha
Nemelex Xobeh
Okawaru
Qazlal
Ru
Sif Muna
Trog
Uskayaw
Xom
Zin
The Shining One

Shops:
D:4 (   D:6 *   D:7 *   D:8 !

Annotations:
D:8 Esos's ghost, novice DgIE


Innate Abilities, Weirdness & Mutations

You reflexively headbutt those who attack you in melee.
You have a pair of horns on your head.


Message History

The black bear claws you but does no damage.
The black bear barely misses you.
You slash the black bear!
You kill the black bear!
Okawaru accepts your kill.
Your base Long Blades skill increases to level 11!
Your base Shields skill increases to level 7!
You block the spriggan's attack.
You barely miss Esos's ghost. Your headbutt misses Esos's ghost.
Esos's ghost hits you but does no damage.
The spriggan barely misses you.
You slice Esos's ghost!!
Esos's ghost is moderately damaged.
You block Esos's ghost's attack.
You miss Esos's ghost.
Esos's ghost is moderately damaged.
You block the spriggan's attack. Esos's ghost casts a spell at you.
You are frozen.
You die...

#..#.....##.#......#
...#......#.#......#
##.#..........######
##.#.....##.#.♣♣♣
##.#.....##...♣.♣♣
#.......###..#♣.♣♣
###......# ##.⌠#♣i♣♣
..#....### ##..#)W?♣
...##..### #...'@♣!♣
.#.##....###...#♣♣ .
.#..##.#......⌠#♣
.......###.##.#♣♣
##.......#.##.♣..♣
.........<....♣♣♣♣#
..............# #.#
........#.....# #.#
........##....###.#


You could see a spriggan and Esos's ghost.

Vanquished Creatures
  Psyche (D:8)
  A polar bear (D:8)
  2 spriggans (D:8)
  Sigmund (D:6)
  A hungry ghost (D:7)
  2 ice beasts
  An orc warrior (D:6)
  A black bear (D:8)
  A sky beast (D:8)
  A necrophage (D:8)
  3 ogres
  A crocodile (D:7)
  A big kobold (D:7)
  5 bullfrogs
  5 scorpions
  A crimson imp (D:6)
  A jelly (D:7)
  A hound (D:5)
  An orc priest (D:4)
  2 bullfrog skeletons
  An iguana (D:6)
  2 orc wizards (D:7)
  5 worker ants
  A hound skeleton (D:8)
  A worker ant zombie (D:6)
  11 adders
  2 shadow imps (D:5)
  5 oozes
  An adder zombie (D:6)
  2 worms
  A dart slug (D:1)
  4 leopard geckos
  10 orcs
  5 giant cockroaches
  2 goblins (D:1)
  4 hobgoblins
  4 jackals
  9 kobolds
  2 quokkas
  3 bats
  3 frilled lizards
  A leopard gecko skeleton (D:6)
  A quokka skeleton (D:5)
  8 rats
  3 plants (D:3)
124 creatures vanquished.

Vanquished Creatures (others)
  An orc wizard (D:7)
  A plant (D:8)
2 creatures vanquished.

Grand Total: 126 creatures vanquished

Notes
Turn   | Place    | Note
-------+----------+-------------------------------------------
     0 | D:1      | EmberCloud the Minotaur Fighter began the quest for the
                  | Orb.
     0 | D:1      | Reached XP level 1. HP: 19/19 MP: 0/0
   277 | D:1      | Reached XP level 2. HP: 27/27 MP: 1/1
   877 | D:2      | Reached XP level 3. HP: 32/33 MP: 2/2
  1022 | D:2      | Reached skill level 3 in Long Blades
  1126 | D:2      | Reached XP level 4. HP: 37/40 MP: 3/3
  1235 | D:3      | Found a bloodstained altar of Trog.
  1378 | D:3      | Reached skill level 5 in Armour
  1472 | D:3      | Found a shimmering blue altar of Sif Muna.
  1729 | D:3      | Found a glowing golden altar of the Shining One.
  2000 | D:3      | Reached XP level 5. HP: 21/46 MP: 4/4
  2144 | D:4      | Found Teump's Antique Weapon Boutique.
  2689 | D:5      | Entered Level 5 of the Dungeon
  2706 | D:5      | Reached skill level 4 in Long Blades
  2710 | D:5      | Reached skill level 1 in Dodging
  2770 | D:5      | Reached XP level 6. HP: 52/53 MP: 5/5
  2886 | D:5      | Reached skill level 1 in Throwing
  2907 | D:5      | Noticed an ice beast
  2913 | D:5      | Killed an ice beast
  2913 | D:5      | Reached skill level 5 in Long Blades
  3093 | D:5      | Reached skill level 5 in Shields
  3315 | D:6      | Reached XP level 7. HP: 58/60 MP: 6/6
  3322 | D:6      | Reached skill level 6 in Long Blades
  3445 | D:6      | Reached skill level 5 in Fighting
  3586 | D:6      | Reached skill level 7 in Long Blades
  3644 | D:6      | Reached XP level 8. HP: 66/68 MP: 7/7
  3660 | D:6      | Found a blossoming altar of Fedhas.
  3679 | D:6      | Found a stormy altar of Qazlal.
  3779 | D:6      | Noticed Sigmund
  3805 | D:6      | Killed Sigmund
  3805 | D:6      | Reached skill level 8 in Long Blades
  3868 | D:6      | Found Reattajaa's Assorted Antiques.
  3875 | D:6      | Bought a runed amethyst amulet for 105 gold pieces
  3875 | D:6      | Bought a scroll of identify for 42 gold pieces
  3875 | D:6      | Bought a long ivory wand for 84 gold pieces
  4047 | D:6      | Found a blossoming altar of Fedhas.
  4227 | D:7      | Found a staircase to the Ecumenical Temple.
  4249 | Temple   | Entered the Ecumenical Temple
  4314 | Temple   | Became a worshipper of Warmaster Okawaru
  4351 | D:7      | Found Vodapli's Assorted Antiques.
  4392 | D:7      | Paralysed by fainting for 11 turns
  4439 | D:7      | Reached skill level 9 in Long Blades
  4943 | D:8      | Found a white marble altar of Elyvilon.
  4959 | D:8      | Reached XP level 9. HP: 70/75 MP: 8/8
  4966 | D:8      | Reached * piety under Okawaru
  5065 | D:8      | Found Vemukeo's Distillery.
  5068 | D:8      | Bought a potion of heal wounds for 60 gold pieces
  5084 | D:8      | Reached skill level 10 in Long Blades
  5145 | D:8      | Found a runed translucent door.
  5147 | D:8      | Noticed Esos's ghost (novice DgIE)
  5149 | D:8      | Noticed a polar bear
  5150 | D:8      | Identified the +6 spear of Hiosas {pierce, rElec rF+ Str+3}
  5224 | D:8      | Noticed Psyche
  5243 | D:8      | Killed Psyche
  5400 | D:8      | Bought a potion of heal wounds for 60 gold pieces
  5433 | D:8      | Killed a polar bear
  5451 | D:8      | Reached skill level 11 in Long Blades
  5454 | D:8      | Killed from afar by Esos's ghost

Levels and vault maps discovered:
D:1:      matt_arrival_diagonals, layout_basic, minmay_door_square
D:2:      layout_rooms
D:3:      layout_basic, tso_oasis_becter, lemuel_doored_altar, first_ration,
          lemuel_blue_sif_altar
D:4:      layout_loops_ring, serial_shops, nicolae_shop_trees
D:5:      layout_loops_ring, minmay_hedge_maze
D:6:      layout_loops_ring, marbit_many_paths, lemuel_crystal_altar,
          basic_altar, serial_shops, nicolae_shop_waterfront,
          roderic_malta_cross, uniq_sigmund
D:7:      layout_basic, minmay_temple_entry_offerings, serial_shops, shop,
          uniq_joseph
D:8:      layout_rooms, elyvilon_altar_5, serial_shops,
          nicolae_shop_behind_doors, ebering_ghost_funeral_grove, uniq_psyche
Temple:   regret_index_temple_sphere_string

Skill      XL: |  1  2  3  4  5  6  7  8  9 |
---------------+----------------------------+-----
Shields        | 4 5 6 7 |  7.0
Fighting       | 4 5 6 |  6.5
Armour         | 4 5 6 7 8 |  8.3
Long Blades    | 3 4 5 7 9 11 | 11.0
Dodging        | 1 2 |  2.6
Throwing       | 1 2 3 |  3.1
Invocations    | |  0.1

Action                   |  1- 3 |  4- 6 |  7- 9 || total
-------------------------+-------+-------+-------++-------
Melee: Long sword        |    58 |   155 |   179 ||   392
       Headbutt          |    14 |    45 |    47 ||   106
       Scimitar          |       |       |    82 ||    82
Throw: Dart              |     7 |    18 |    26 ||    51
Invok: Heroism           |       |       |     2 ||     2
  Use: Scroll            |     1 |     7 |     3 ||    11
       Potion            |       |       |     4 ||     4
  Eat: Chunk             |     1 |     1 |     1 ||     3
       Ration            |       |     2 |     6 ||     8
Armor: Scale mail        |    26 |    38 |    77 ||   141
Dodge: Dodged            |    23 |    28 |    74 ||   125
       Deflected         |       |       |     2 ||     2
Block: Shield            |    32 |    53 |   119 ||   204
       Rpst.: Long sword |    10 |    12 |    10 ||    32
       Scimitar          |       |       |     6 ||     6
